 Dungeon Crawl Stone Soup version 0.31.0-10-gcf4a605ca0 (webtiles) character file.

Game seed: 8798803024067535284

23 sanka the Digger (level 2, -1/15 HPs)
             Began as a Gargoyle Earth Elementalist on Jan 25, 2024.
             Slain by a hobgoblin
             ... wielding a +0 hand axe
              (4 damage)
             ... on level 2 of the Dungeon.
             The game lasted 00:01:12 (1049 turns).

sanka the Digger (Gargoyle Earth Elementalist)      Turns: 1049, Time: 00:01:13

Health: -1/15      AC:  4    Str: 11    XL:     2   Next: 95%
Magic:  9/14       EV: 11    Int: 15    God:
Gold:   139        SH:  0    Dex: 10    Spells: 4/5 levels left

rFire   . . .        (no weapon)
rCold   . . .        (no shield)
rNeg    + . .        a - +0 robe
rPois   ∞            (no helmet)
rElec   +            (no cloak)
rCorr   .            (no gloves)
SInv    .            (no boots)
Will    .....        (no amulet)
Stlth   ++           (no ring)
HPRegen 0.22/turn    c - ring of magical power
MPRegen 0.14/turn

%: no passive effects
@: very slightly contaminated
A: sickness immunity, AC +2, negative energy resistance 1, electricity
resistance, torment resistance 1, petrification resistance
a: no special abilities


You were on level 2 of the Dungeon.
You visited 1 branch of the dungeon, and saw 2 of its levels.

You collected 139 gold pieces.


Innate Abilities, Weirdness & Mutations

You are immune to sickness and miasma.
Your stone body is resilient. (AC +2)
You are immune to poison.
You resist negative energy. (rN+)
You are resistant to electric shocks. (rElec)
You are resistant to unholy torment.
You are immune to petrification.


   Skills:
 - Level 1.5 Dodging
 - Level 2.1 Stealth
 + Level 2.4 Spellcasting
 + Level 1.9 Conjurations
 + Level 4.1 Earth Magic


You had 4 spell levels left.
You knew the following spells:

 Your Spells              Type           Power      Damage    Failure   Level
z - Sandblast             Erth           28%        2d8       4%          1

Your spell library contained the following spells:

 Spells                   Type           Power      Damage    Failure   Level
 Passwall                 Erth           14%        N/A       12%         3
 Stone Arrow              Conj/Erth      20%        3d8       19%         3
 Brom's Barrelling Bould  Conj/Erth      10%        2d3       52%         4
 Petrify                  Alch/Erth      7%         N/A       67%         4

Inventory:

Missiles
 g - a throwing net {=f}
Armour
 a - a +0 robe (worn)
 l - a +2 pair of gloves
Jewellery
 c - a ring of magical power (right hand)
Scrolls
 d - 2 scrolls of amnesia {unknown}
 f - 2 scrolls of identify {unknown}
 h - a scroll of enchant armour {unknown}
 i - 3 scrolls of teleportation {unknown}
 k - a scroll of fear {unknown}
Potions
 b - a potion of magic
 e - 2 potions of lignification {unknown}
 j - 3 potions of might {unknown}
 m - a potion of ambrosia {unknown}
 n - a potion of haste {unknown}
 o - a potion of invisibility {unknown}

Dungeon Overview and Level Annotations

Branches:
Dungeon (2/15)

Altars:

Shops:
D:1

*! ▒▒▒▒▒. ▒.....▒ ▒...
...... ▒....▒ ▒...
.?....▒▒....▒ ▒▒▒▒▒...
.......†.?..▒▒▒▒▒.......
........................
......▒......▒▒▒▒.......
..... ▒J▒.▒▒.▒ ▒▒.▒▒...
.... ▒g▒.▒▒.▒ ▒.▒▒...
▒▒▒▒▒▒▒8▒.▒▒.▒ ▒.▒▒...
▒.......▒▒<▒ ▒.▒▒...
▒.▒▒▒......▒▒▒▒▒.▒▒▒.▒
▒.▒▒▒▒..▒........▒▒▒.▒
▒.▒.....▒.▒▒▒▒▒.......
▒......▒▒.▒▒▒▒▒.▒▒▒▒..
▒▒▒▒......▒▒.▒▒.......▒▒.
...<......▒▒.▒▒.▒▒.▒▒.▒..
▒▒▒▒.....▒▒▒.▒▒.▒▒.▒▒.▒..


You could see an endoplasm and a hobgoblin.


Message History

The endoplasm freezes you.
You are frozen.
The endoplasm freezes you.
You are frozen.
* * * LOW HITPOINT WARNING * * *
The bat closely misses you.
The blast of sand hits the bat.
You kill the bat!
The endoplasm barely misses you. The hobgoblin closely misses you.
Unknown command.
Unknown command.
The endoplasm attacks as it pursues you!
The endoplasm barely misses you. The endoplasm hits you.
* * * LOW HITPOINT WARNING * * *
The hobgoblin attacks as it pursues you!
The hobgoblin hits you but does no damage.
Your magical contamination has completely faded away.
The hobgoblin attacks as it pursues you!
The hobgoblin closely misses you.
You miscast Sandblast.
You are very lightly contaminated with residual magic.
Nothing appears to happen.
The hobgoblin hits you with a +0 hand axe.
* * * LOW HITPOINT WARNING * * *
The blast of sand hits the hobgoblin.
The hobgoblin is lightly wounded.
The hobgoblin hits you with a +0 hand axe.
You die...

Action                     || total
---------------------------++-------
  Melee: Unarmed           ||     3
   Cast: Sandblast         ||    29
 Armour: Robe              ||    13
  Dodge: Dodged            ||    16

Levels and vault maps discovered:
D:1:      lightli_arrival_statuegarden, layout_loops_ring, serial_shops, shop,
          nicolae_shop_waterfront, minmay_misc_feat_room,
          minmay_misc_feat_ornament
D:2:      layout_loops_cross

Notes
Turn   | Place    | Note
-------+----------+-------------------------------------------
     0 | D:1      | sanka the Gargoyle Earth Elementalist began the quest for
                  | the Orb.
     0 | D:1      | Reached XP level 1. HP: 10/10 MP: 3/3
   246 | D:1      | Reached XP level 2. HP: 15/15 MP: 5/5
   354 | D:1      | Found Yse Etis's General Store.
   430 | D:1      | Reached skill level 4 in Earth Magic
   619 | D:1      | Found Iciatot's Distillery.
  1049 | D:2      | Slain by a hobgoblin

Vanquished Creatures
  A dart slug (D:1)
  An endoplasm (D:1)
  A goblin (D:1)
  3 hobgoblins (D:1)
  3 jackals (D:1)
  A quokka (D:2)
  3 bats
  3 frilled lizards
  3 rats (D:1)
19 creatures vanquished.
